 Dungeon Crawl Stone Soup version 0.26.0-20-g3ca415f5b8 (webtiles) character file.

Game seed: 7534749929908699478

350 EnegeticOcto the Chopper (level 6, -1/37 HPs)
             Began as a Gargoyle Berserker on Jan 24, 2021.
             Was a Believer of Trog.
             Slain by Prince Ribbit (13 damage)
             ... on level 5 of the Dungeon.
             The game lasted 00:02:00 (345 turns).

EnegeticOcto the Chopper (Gargoyle Berserker)        Turns: 345, Time: 00:02:00

Health: -1/37      AC:  6    Str: 22    XL:     6   Next: 61%
Magic:  6/6        EV: 12    Int:  8    God:    Trog [**....]
Gold:   80         SH:  0    Dex:  9    Spells: 5/5 levels left

rFire    . . .     SeeInvis .   a - +0 hand axe
rCold    . . .     Faith    .   (no shield)
rNeg     + . .     Spirit   .   b - +0 animal skin
rPois    ∞         Reflect  .   (no helmet)
rElec    +         Harm     .   (no cloak)
rCorr    .         Rampage  .   (no gloves)
Will     .....                  (no boots)
Stlth    +.........             (no amulet)
HPRegen  0.12/turn              (no ring)
MPRegen  0.10/turn              (no ring)

@: berserk cooldown, slowed, very slow
A: negative energy resistance 1, electricity resistance, unbreathing,
petrification resistance, miasma immunity, AC +4
a: Renounce Religion, Berserk, Trog's Hand


You were on level 5 of the Dungeon.
You worshipped Trog.
Trog was pleased with you.
You visited 1 branch of the dungeon, and saw 5 of its levels.

You collected 80 gold pieces.

Inventory:

Hand Weapons
 a - a +0 hand axe (weapon)
Armour
 b - a +0 animal skin (worn)
Wands
 h - a wand of flame (23) {@v4}
   (You found it on level 2 of the Dungeon)
Scrolls
 e - a scroll of remove curse {@r2}
Potions
 f - 2 potions of curing {@q1 !q}
 i - a potion of flight {unknown}


   Skills:
 - Level 3.4 Fighting
 + Level 6.4 Axes
 - Level 2.4 Armour
 - Level 1.7 Dodging


You had 5 spell levels left.
You didn't know any spells.
Your spell library was empty.

Dungeon Overview and Level Annotations

Branches:
Dungeon (5/15)             Temple (0/1) D:5

Altars:
Kikubaaqudgha
Ru

Shops:
D:4 :

Annotations:
D:5 Prince Ribbit


Innate Abilities, Weirdness & Mutations

You are resistant to torment.
Your stone body is resilient. (AC +4)
You are immune to poison.
You resist negative energy. (rN+)
You are resistant to electric shocks. (rElec)
You can survive without breathing.
You are immune to petrification.
You are immune to miasma.


Message History

You closely miss the leopard gecko. You slash the adder!
You kill the adder!
Trog accepts your kill.
You can now call upon Trog for regeneration and willpower.
You closely miss the worker ant. The centaur closely misses you.
The worker ant barely misses you. The leopard gecko barely misses you.
You hit the centaur.
You kill the centaur!
Trog accepts your kill.
You slash the leopard gecko!
You feel the power of Trog in you as your rage grows.
You kill the leopard gecko!
Trog accepts your kill.
You barely miss the worker ant. You barely miss the ogre.
The worker ant barely misses you.
You have reached level 6!
Your experience leads to an increase in your attributes!
Increase (s)trength, (i)ntelligence, or (d)exterity?
You feel stronger.
You slash the ogre!
The ogre is moderately wounded.
You hit the worker ant.
You kill the worker ant!
Trog accepts your kill. The ogre barely misses you.
Your Axes skill increases to level 6!
You slash the ogre!
The ogre is severely wounded.
You hit the ogre.
The ogre is almost dead.
The ogre misses you.
You barely miss the ogre.
The ogre is almost dead.
The ogre hits you with a +0 giant club.
* * * LOW HITPOINT WARNING * * *
You hit the ogre.
You kill the ogre!
Trog accepts your kill.
You feel a strong urge to attack something.
f - 2 potions of curing {@q1 !q} (gained 1)
You feel your anger nearly subside.
You are no longer berserk.
You pass out from exhaustion.
You feel yourself slow down.
You can move again.
Things that are here:
a +0 shortbow; 23 arrows; a centaur corpse Your skin crawls.
You feel strong-willed.
Things that are here:
a +0 giant club; an ogre corpse
Things that are here:
a +0 shortbow; 23 arrows; a centaur corpse You feel the effects of Trog's Hand fading.
Things that are here:
an arrow; a worker ant corpse Prince Ribbit comes into view.
Prince Ribbit gives a loud, deep croak!
Found a staircase to the Ecumenical Temple.
Evoke which item? (* to show all) (? for menu, Esc to quit)
Aiming: Throw Flame
Press: ? - help, Shift-Dir - straight line, f - Prince Ribbit
Aim: Prince Ribbit (55% to evade)
The puff of flame hits Prince Ribbit.
Prince Ribbit is lightly wounded.
Evoke which item? (* to show all) (? for menu, Esc to quit)
Aiming: Throw Flame
Press: ? - help, Shift-Dir - straight line, f/p - Prince Ribbit
Aim: Prince Ribbit (lightly wounded, 55% to evade)
The puff of flame hits Prince Ribbit!
Prince Ribbit is heavily wounded.
Your skin stops crawling.
You feel less strong-willed.
Prince Ribbit blinks! x2
Evoke which item? (* to show all) (? for menu, Esc to quit)
Aiming: Throw Flame
Press: ? - help, Shift-Dir - straight line, f/p - Prince Ribbit
Aim: Prince Ribbit (moderately wounded, 55% to evade)
The puff of flame misses Prince Ribbit.
An orc wizard comes into view. It is wielding a +0 dagger of draining.
Evoke which item? (* to show all) (? for menu, Esc to quit)
Aiming: Throw Flame
Press: ? - help, Shift-Dir - straight line, f/p - Prince Ribbit
Aim: Prince Ribbit (moderately wounded, 55% to evade)
The puff of flame hits Prince Ribbit.
Prince Ribbit is heavily wounded.
The orc wizard shouts!
Evoke which item? (* to show all) (? for menu, Esc to quit)
Aiming: Throw Flame
Press: ? - help, Shift-Dir - straight line, f/p - Prince Ribbit
Aim: Prince Ribbit (heavily wounded, 55% to evade)
The puff of flame hits Prince Ribbit.
Prince Ribbit is heavily wounded.
The orc wizard gestures wildly while chanting.
The orc wizard seems to speed up.
Prince Ribbit completely misses you. x2
You closely miss Prince Ribbit.
Prince Ribbit is heavily wounded.
Prince Ribbit hits you. x2
You closely miss Prince Ribbit.
Prince Ribbit is heavily wounded.
Prince Ribbit hits you!
You die...

##.......>...
##............
#......##...##.
#......##...##.
#.............^
#.<............
#..............
#....@Fo......
##..)).........
#.....(........
#..............
#..............
#.............#
#..........#..#
##........##..#
##......## ..


You could see Prince Ribbit and an orc wizard (fast).

Vanquished Creatures
  2 ogres
  A centaur (D:5)
  A howler monkey (D:4)
  A worker ant (D:5)
  2 adders
  An adder skeleton (D:2)
  2 dart slugs (D:2)
  A leopard gecko (D:5)
  A bat skeleton (D:2)
  A bat zombie (D:2)
  2 goblins
  A hobgoblin (D:3)
  A kobold (D:2)
  A bat (D:3)
  2 frilled lizards
  A giant cockroach zombie (D:2)
  3 leopard gecko skeletons (D:2)
24 creatures vanquished.

Notes
Turn   | Place    | Note
-------+----------+-------------------------------------------
     0 | D:1      | EnegeticOcto the Gargoyle Berserker began the quest for the
                  | Orb.
     0 | D:1      | Reached XP level 1. HP: 14/14 MP: 1/1
    36 | D:2      | Reached XP level 2. HP: 10/19 MP: 2/2
    47 | D:2      | Reached skill level 3 in Axes
    88 | D:2      | Found an ancient bone altar of Kikubaaqudgha.
   211 | D:4      | Noticed an ogre
   212 | D:4      | Found Nyoniy's Book Shop.
   223 | D:4      | Killed an ogre
   224 | D:4      | Reached skill level 4 in Axes
   224 | D:4      | Reached XP level 3. HP: 23/23 MP: 3/3
   224 | D:4      | Reached XP level 4. HP: 28/28 MP: 4/4
   232 | D:4      | Reached XP level 5. HP: 17/32 MP: 5/5
   250 | D:4      | Found a sacrificial altar of Ru.
   291 | D:4      | Reached skill level 5 in Axes
   306 | D:5      | Entered Level 5 of the Dungeon
   313 | D:5      | Noticed an ogre
   313 | D:5      | Noticed a centaur
   319 | D:5      | Reached ** piety under Trog
   320 | D:5      | Killed a centaur
   321 | D:5      | Reached XP level 6. HP: 6/37 MP: 6/6
   322 | D:5      | Reached skill level 6 in Axes
   324 | D:5      | HP: 2/55 [ogre/+0 giant club (5)]
   337 | D:5      | Noticed Prince Ribbit
   338 | D:5      | Found a staircase to the Ecumenical Temple.
   345 | D:5      | Slain by Prince Ribbit

Illustrated notes

Levels and vault maps discovered:
D:1:      nzn_arrival_water_spiral, layout_basic,
          chequers_serial_rivers_small_a, cheibriados_altar_1
D:2:      layout_rooms, yredelemnul_forgotten_temple_becter,
          general_overflow_altar, serial_undead, serial_undead_f,
          serial_undead_c, serial_undead_a, serial_undead_d, serial_undead_c,
          serial_undead_a, serial_undead_d, minmay_split_cup_large,
          uniq_crazy_yiuf_cottage
D:3:      layout_loops_corners
D:4:      layout_rooms, nicolae_overflow_crystal_walls, kennysheep_little_box,
          nicolae_ru_the_path_less_chosen, serial_shops,
          nicolae_shop_statue_plus, grunt_ministairs_1, eino_tiny_chamber,
          minmay_misc_feat_plants
D:5:      layout_rooms, minmay_temple_entry_stoned_glass,
          ebering_ghost_reflecting_pool, basic_altar, portal_sewer_entry_f,
          minmay_fountain_box, uniq_prince_ribbit1

Skill      XL: |  1  2  3  4  5  6 |
---------------+-------------------+-----
Axes           | 4 5 6 |  6.4
Fighting       | |  3.4
Armour         | |  2.4
Dodging        | |  1.7

Action                   |  1- 3 |  4- 6 || total
-------------------------+-------+-------++-------
Melee: Hand axe          |    57 |    26 ||    83
Invok: Berserk           |     2 |     1 ||     3
       Trog's Hand       |       |     1 ||     1
Evoke: Wand              |       |     5 ||     5
  Use: Scroll            |       |     5 ||     5
Armor: Animal skin       |    20 |     8 ||    28
Dodge: Dodged            |    45 |    25 ||    70
